 Dungeon Crawl Stone Soup version 0.29-a0-284-gf9362112df (webtiles) character file.

Game seed: 3416976046447487657

480 being54 the Cudgeller (level 7, -1/66 HPs)
             Began as a Gargoyle Fighter on Mar 23, 2022.
             Slain by Dowan
             ... wielding a +0 dagger
              (3 damage)
             ... on level 4 of the Dungeon.
             The game lasted 00:07:01 (4158 turns).

being54 the Cudgeller (Gargoyle Fighter)            Turns: 4158, Time: 00:07:01

Health: -1/66      AC: 13    Str: 21    XL:     7   Next: 11%
Magic:  7/7        EV:  7    Int:  9    God:
Gold:   102        SH:  4    Dex:  9    Spells: 6/6 levels left

rFire   . . .      SeeInvis .   a - +0 flail
rCold   . . .      Faith    .   c - +0 buckler
rNeg    + . .      Spirit   .   g - +0 chain mail
rPois   ∞          Reflect  .   (no helmet)
rElec   +          Harm     .   (no cloak)
rCorr   .          Rampage  .   (no gloves)
Will    .....                   (no boots)
Stlth   ..........              (no amulet)
HPRegen 0.21/turn               (no ring)
MPRegen 0.10/turn               (no ring)

@: berserking, very quick
A: sickness immunity, AC +4, negative energy resistance 1, electricity
resistance, torment resistance 1, petrification resistance
a: no special abilities


You were on level 4 of the Dungeon.
You visited 1 branch of the dungeon, and saw 4 of its levels.

You collected 102 gold pieces.

Inventory:

Hand Weapons
 a - a +0 flail (weapon)
Armour
 c - a +0 buckler (worn)
 g - a +0 chain mail (worn)
Jewellery
 f - the ring of the Worm {*Slow Will+ Dex+3 Slay+3}
   (You found it on level 4 of the Dungeon)

   [ring of willpower]

   Dex:       It affects your dexterity (+3).
   Slay:      It affects your accuracy & damage with ranged weapons and melee
   (+3).
   *Slow:     It may slow you when you take damage.
   Will:      It increases your willpower.
Wands
 m - a wand of paralysis (9)
 n - a wand of iceblast (9)
Scrolls
 e - a scroll of noise {unknown}
 k - 2 scrolls of teleportation
Potions
 b - a potion of curing {unknown}
 d - 2 potions of might
 i - a potion of heal wounds {unknown}
 j - a potion of lignification {unknown}


   Skills:
 - Level 5.0 Fighting
 * Level 6.6 Maces & Flails
 - Level 3.2 Armour
 - Level 3.2 Shields


You had 6 spell levels left.
You didn't know any spells.
Your spell library contained the following spells:

 Spells                   Type           Power      Damage    Failure   Level
 Animate Skeleton         Necr           0%         N/A       99%         1
 Apportation              Tloc           0%         N/A       99%         1
 Summon Small Mammal      Summ           0%         N/A       99%         1
 Static Discharge         Conj/Air       0%         N/A       100%        2
 Animate Dead             Necr           0%         N/A       100%        4
 Borgnjor's Vile Clutch   Necr/Erth      0%         N/A       100%        5
 Lightning Bolt           Conj/Air       0%         1d11      100%        5
 Death Channel            Necr           0%         N/A       100%        6
 Maxwell's Capacitive Co  Air            0%         ∞         100%        8


Dungeon Overview and Level Annotations

Branches:
Dungeon (4/15)
 Temple: D:4-7

Altars:
Nemelex Xobeh
Uskayaw

Annotations:
D:4 Dowan


Innate Abilities, Weirdness & Mutations

You are immune to sickness and miasma.
Your stone body is resilient. (AC +4)
You are immune to poison.
You resist negative energy. (rN+)
You are resistant to electric shocks. (rElec)
You are resistant to unholy torment.
You are immune to petrification.


Message History

Dowan blinks!
You start resting.
You hear a splashing noise. x2
Dowan is nearby!
You block Dowan's attack.
You hit Dowan.
Dowan is lightly wounded.
Dowan casts a spell.
Dowan blinks!
Things that are here:
a +1 short sword of speed; a +1 leather armour of positive energy Dowan hits you but does no damage.
You hit Dowan.
Dowan is lightly wounded.
Dowan hits you but does no damage. x2
You barely miss Dowan.
Dowan is lightly wounded.
Dowan says, "Magic will overcome all!"
Dowan hits you but does no damage.
Dowan points at you and mumbles some strange words.
The shard of ice hits you.
* * * LOW HITPOINT WARNING * * *
You miss Dowan.
Dowan is lightly wounded.
Dowan gestures at you while chanting. The stone arrow hits you!
* * * LOW HITPOINT WARNING * * *
Unknown command.
It was a potion of berserk rage.
A red film seems to cover your vision as you go berserk!
You feel yourself moving faster!
You feel mighty!
Dowan mumbles some strange words.
Dowan blinks!
Unknown command.
You feel a strong urge to attack something.
Dowan hits you but does no damage.
You barely miss Dowan.
Dowan is lightly wounded.
Dowan hits you with a +0 dagger.
You die...

#.#.......##....
#.##.....##.....
#..#............
#..#............
#.##............
#.##.........#.#
###)##..#....#.
###.......#..###
#.e@#...PPP..#
#...####≈PPP≈P..#
#.# ≈.P≈≈P≈P....
.. P..P≈♣≈≈≈P##..
.# P.PP♣≈≈≈P.≈..#
# ≈≈≈♣≈ePP.≈....#
≈≈♣PP.P....##..
♣≈♣PP.. #### ..


You could see Dowan (fast).

Vanquished Creatures
  Sigmund (D:3)
  Duvessa (D:4)
  A hound (D:4)
  Ijyb (D:3)
  Robin (D:3)
  4 adders
  A shadow imp (D:3)
  A worm (D:3)
  4 dart slugs
  4 orcs (D:3)
  5 bats
  9 endoplasms
  5 giant cockroaches
  9 goblins
  9 hobgoblins
  3 jackals (D:1)
  5 quokkas
  7 ball pythons
  3 frilled lizards
  11 kobolds
  5 rats
90 creatures vanquished.

Vanquished Creatures (others)
  2 plants (D:4)
2 creatures vanquished.

Grand Total: 92 creatures vanquished

Notes
Turn   | Place    | Note
-------+----------+-------------------------------------------
     0 | D:1      | being54 the Gargoyle Fighter began the quest for the Orb.
     0 | D:1      | Reached XP level 1. HP: 14/14 MP: 1/1
    96 | D:1      | Reached XP level 2. HP: 8/19 MP: 2/2
   420 | D:1      | Reached skill level 3 in Maces & Flails
   423 | D:1      | Reached XP level 3. HP: 8/24 MP: 3/3
  1524 | D:2      | Found a faded altar of an unknown god.
  1972 | D:2      | Reached XP level 4. HP: 29/29 MP: 4/4
  2299 | D:2      | You fall into a shaft and drop 2 floors!
  2345 | D:3      | Found a hide-covered altar of Uskayaw.
  2747 | D:3      | Noticed Sigmund
  2757 | D:3      | Killed Sigmund
  2758 | D:3      | Reached skill level 5 in Maces & Flails
  2758 | D:3      | Reached XP level 5. HP: 17/34 MP: 5/5
  2758 | D:3      | Reached XP level 6. HP: 20/40 MP: 6/6
  2999 | D:3      | Noticed Robin
  3011 | D:3      | Reached skill level 5 in Fighting
  3018 | D:3      | Killed Robin
  3359 | D:3      | Noticed Ijyb
  3374 | D:3      | Killed Ijyb
  3554 | D:3      | Found a sparkling altar of Nemelex Xobeh.
  4013 | D:4      | Identified the ring of the Worm {*Slow Will+ Dex+3 Slay+3}
  4024 | D:4      | Reached skill level 6 in Maces & Flails
  4092 | D:4      | Noticed Dowan
  4092 | D:4      | Noticed Duvessa
  4111 | D:4      | Killed Duvessa
  4112 | D:4      | Reached XP level 7. HP: 14/44 MP: 7/7
  4155 | D:4      | HP: 1/44 [Dowan/stone arrow (12)]
  4158 | D:4      | Slain by Dowan

Illustrated notes

Levels and vault maps discovered:
D:1:      dpeg_arrival_shelter, layout_loops_ring, st_stairs_3,
          minmay_misc_feat_x
D:2:      layout_loops_corners, chequers_ecumenical_altar_grove,
          chequers_decorated_corner
D:3:      layout_loops_cross, nemelex_diamond_rough_becter,
          mainiacjoe_overflow_tiny_flanked, uniq_sigmund, uniq_ijyb, uniq_robin
D:4:      layout_cave_pools, zin_scriptorium, lemuel_crystal_altar,
          serial_bayou, serial_bayou_pond_b, serial_bayou_lagoon_b,
          serial_bayou_lagoon_a, serial_bayou_pond_d, skrybe_limestone_x,
          grunt_ministairs_11, uniq_duvessa

Skill      XL: |  1  2  3  4  5  6 |
---------------+-------------------+-----
Maces & Flails | 3 5 6 |  6.6
Fighting       | 4 5 |  5.0
Armour         | |  3.2
Shields        | |  3.2

Action                   |  1- 3 |  4- 6 |  7- 9 || total
-------------------------+-------+-------+-------++-------
Melee: Flail             |   125 |   200 |     5 ||   330
  Use: Scroll            |     2 |     5 |       ||     7
       Potion            |       |       |     1 ||     1
Armor: Scale mail        |    53 |       |       ||    53
       Chain mail        |    49 |   207 |     5 ||   261
Dodge: Dodged            |    51 |   101 |       ||   152
Block: Buckler           |    33 |    47 |     1 ||    81

Table legend: (Time is in decaauts)
 A = Elapsed time spent in this place.
 B = Non-inter-level travel time spent in this place.
 C = Inter-level travel time spent in this place.
 D = Time resting spent in this place.
 E = Time spent auto-exploring this place.
 F = Levels seen in this place.
 G = Mean time per level.
                   A        B        C        D        E       F      G
               +--------+--------+--------+--------+--------+-----+--------+
         Total |   4233 |   4153 |     80 |   1111 |   2319 |   4 | 1058.2 |
       Dungeon |   4233 |   4153 |     80 |   1111 |   2319 |   4 | 1058.2 |
               +--------+--------+--------+--------+--------+-----+--------+

Top non-repeatable levels by time:
     D:1: 1527 daAuts
     D:3: 1415 daAuts
     D:2: 1029 daAuts
     D:4: 260 daAuts
